 Dungeon Crawl Stone Soup version 0.30.1-11-g7821555f0a (webtiles) character file.

Game seed: 11910576972131302477

157 Dordric the Stinger (level 5, 0/31 HPs)
             Began as an Octopode Venom Mage on Nov 7, 2023.
             Slain by a gnoll
             ... wielding a +0 whip
             ... led by a gnoll bouda
              (7 damage)
             ... on level 3 of the Dungeon.
             The game lasted 00:05:57 (3224 turns).

Dordric the Stinger (Octopode Venom Mage)           Turns: 3224, Time: 00:05:58

Health: 0/31       AC:  1    Str:  8    XL:     5   Next: 38%
Magic:  10/10      EV: 13    Int: 19    God:
Gold:   148        SH:  5    Dex: 12    Spells: 4/11 levels left

rFire   . . .        i - +0 sling
rCold   . . .        (no shield)
rNeg    . . .        r - +0 hat {Stlth+}
rPois   .            p - amulet of reflection
rElec   .            (no ring)
rCorr   .            (no ring)
SInv    .            (no ring)
Will    .....        (no ring)
Stlth   ++++         (no ring)
HPRegen 0.25/turn    (no ring)
MPRegen 0.12/turn    (no ring)
                     (no ring)

%: reflection
@: no status effects
A: almost no armour, amphibious, 8 rings, camouflage 1, gelatinous body 1,
(nimble swimmer 1), tentacles
a: no special abilities


You were on level 3 of the Dungeon.
You visited 1 branch of the dungeon, and saw 4 of its levels.

You collected 148 gold pieces.

Inventory:

Hand Weapons
 i - a +0 sling (weapon)
Armour
 r - a +0 hat of stealth (worn)
Jewellery
 p - an amulet of reflection (around mantle)
 q - a ring of fire
Scrolls
 b - 2 scrolls of poison
 e - 4 scrolls of teleportation
 g - a scroll of amnesia {unknown}
 k - a scroll of summoning
 m - a scroll of immolation
 n - 4 scrolls of torment
 s - a scroll of identify
Potions
 a - a potion of magic
 c - 5 potions of curing {unknown}
 d - 3 potions of attraction {unknown}
 f - 2 potions of heal wounds {unknown}
 h - a potion of degeneration {unknown}
 j - a potion of invisibility {unknown}
 l - a potion of ambrosia {unknown}
 o - a potion of lignification {unknown}


   Skills:
 - Level 2.0 Dodging
 - Level 2.6 Stealth
 + Level 3.7 Spellcasting
 - Level 1.0 Transmutations
 + Level 5.7 Poison Magic


You had 4 spell levels left.
You knew the following spells:

 Your Spells              Type           Power      Damage    Failure   Level
a - Sting                 Tmut/Pois      64%        1d6       3%          1
b - Poisonous Vapours     Pois/Air       28%        N/A       7%          2
c - Olgreb's Toxic Radia  Pois           25%        N/A       13%         4

Your spell library contained the following spells:

 Spells                   Type           Power      Damage    Failure   Level
 Mephitic Cloud           Conj/Pois/Air  10%        N/A       19%         3
 Scorch                   Fire           6%         2d5       22%         2
 Flame Wave               Conj/Fire      3%         2d5       80%         4
 Summon Cactus Giant      Summ           1%         N/A       100%        6


Dungeon Overview and Level Annotations

Branches:
Dungeon (4/15)
 Temple: D:4-7

Altars:
Nemelex Xobeh


Innate Abilities, Weirdness & Mutations

You cannot wear most types of armour.
You are amphibious.
You can wear up to eight rings at the same time.
Your skin changes colour to match your surroundings (Stealth+).
Your rubbery body absorbs attacks. (AC +1, EV +1)
((You are camouflaged when in or above water. (Stealth+)))
You have tentacles for arms and can constrict up to eight enemies at once.


Message History

You are too injured to fight recklessly!
Casting: Sting (safe; 3% risk of failure)
Confirm with . or Enter, or press ? or * to list all spells.
Aiming: Sting (safe; 3% risk of failure)
Press: ? - help, Shift-Dir - straight line, f - gnoll
Aim: a gnoll, wielding a +0 halberd (almost dead, 77% to hit)
The sting hits the gnoll.
The gnoll is poisoned.
You kill the gnoll!
You see here 3 stones.
Casting: Sting (safe; 3% risk of failure)
Confirm with . or Enter, or press ? or * to list all spells.
Aiming: Poisonous Vapours (safe; 7% risk of failure)
Press: ? - help, Dir - move target, f - gnoll
Aim: a gnoll, wielding a +0 whip You miscast Poisonous Vapours.
You are very lightly contaminated with residual magic.
Nothing appears to happen.
The gnoll is no longer moving quickly.
Your attacks no longer feel as feeble.
Your magical contamination has completely faded away.
There is a stone staircase leading up here.
You climb upwards.
There is a stone staircase leading down here.
You see here a +0 club.
You start resting.
Magic restored.
You climb downwards.
There is a stone staircase leading up here.
The gnoll completely misses you. The gnoll hits you with a +0 whip.
You climb upwards.
There is a stone staircase leading down here.
You see here a +0 club.
The gnoll attacks as you move away! The gnoll misses you.
The gnoll hits you with a +0 whip! The gnoll attacks as you move away!
The gnoll closely misses you. The gnoll attacks as you move away!
The gnoll hits you with a +0 whip!
* * * LOW HITPOINT WARNING * * *
The gnoll attacks as you move away! The gnoll closely misses you.
The gnoll attacks as you move away! The gnoll hits you with a +0 whip!
You die...

#.##.......#...# #.####.## #.#
#.##..##...#...####.###...###.#
###.##..#.)................)....#
.....[..#..###..#####.###...#####
###.##..#>.# #..# #.# ##.##
###[##.....# #..# #.# #.#
...........###..# #.# #.#
##..............#####.# #.#
##.###........gg@.....# #.#####
..#....#.............## #.....#
##.###.....#########.# #####.#
### #.##### #.# #.## #.# #.# #..#
#.# #.### ##.# #.# ##.#)## #.#
#.# #.#...# #.. #)# ##.#.## ###


You could see 2 gnolls.

Vanquished Creatures
  A gnoll bouda (D:4)
  A gnoll (D:4)
  4 adders
  A worm (D:4)
  2 dart slugs
  4 orcs (D:3)
  3 endoplasms
  4 giant cockroaches
  12 goblins
  7 hobgoblins
  4 jackals (D:1)
  7 kobolds
  2 quokkas
  7 ball pythons
  5 bats
  4 frilled lizards
  4 rats
72 creatures vanquished.

Notes
Turn   | Place    | Note
-------+----------+-------------------------------------------
     0 | D:1      | Dordric the Octopode Venom Mage began the quest for the
                  | Orb.
     0 | D:1      | Reached XP level 1. HP: 11/11 MP: 3/3
   189 | D:1      | Reached skill level 4 in Poison Magic
   242 | D:1      | Reached XP level 2. HP: 17/17 MP: 1/5
   912 | D:2      | Reached XP level 3. HP: 20/21 MP: 2/6
  1593 | D:3      | Reached skill level 5 in Poison Magic
  1593 | D:3      | Reached XP level 4. HP: 27/27 MP: 6/8
  1622 | D:3      | Learned a level 2 spell: Poisonous Vapours
  1627 | D:3      | Learned a level 4 spell: Olgreb's Toxic Radiance
  2928 | D:4      | Reached XP level 5. HP: 31/31 MP: 5/10
  2996 | D:4      | Found a sparkling altar of Nemelex Xobeh.
  3224 | D:3      | Slain by a gnoll

Illustrated notes

Levels and vault maps discovered:
D:1:      tarquinn_simple_flora_water_b, layout_loops_ring
D:2:      layout_rooms, nicolae_titane
D:3:      layout_loops_ring
D:4:      layout_loops_ring, nicolae_hepliaklqana_hippocampus,
          mainiacjoe_overflow_24_doors, temple_hall, nrook_uturn

Skill      XL: |  1  2  3 |
---------------+----------+-----
Poison Magic   | 4 5 |  5.7
Spellcasting   | 3 |  3.7
Dodging        | |  2.0
Stealth        | |  2.6
Transmutations | |  1.0

Action                     |  1- 3 |  4- 6 || total
---------------------------+-------+-------++-------
  Melee: Unarmed           |    38 |       ||    38
         Constrict         |    12 |       ||    12
         Tentacles         |     9 |       ||     9
         Punch             |     1 |       ||     1
   Fire: Sling             |    45 |    31 ||    76
   Cast: Sting             |    35 |    33 ||    68
         Poisonous Vapours |       |    21 ||    21
    Use: Scroll            |       |     5 ||     5
   Stab: Sleeping          |     3 |       ||     3
 Armour: Skin              |     6 |     3 ||     9
  Dodge: Dodged            |    53 |    24 ||    77
